 Dungeon Crawl Stone Soup version 0.29-a0-451-gfbfa42419e (webtiles) character file.

Game seed: 8352125560050232852

127847 Gargoyl the Tortoise (level 17, -3/120 HPs)
             Began as a Gargoyle Berserker on May 19, 2022.
             Was a High Priest of Trog.
             Killed from afar by a deep elf knight (22 damage)
             ... with a shard of ice
             ... on level 1 of the Elven Halls.
             The game lasted 00:39:26 (21504 turns).

Gargoyl the Tortoise (Gargoyle Berserker)          Turns: 21504, Time: 00:39:26

Health: -3/120     AC: 46    Str: 22    XL:     17   Next: 2%
Magic:  17/17      EV: 14    Int:  7    God:    Trog [*****.]
Gold:   1892       SH:  7    Dex: 17    Spells: 16/16 levels left

rFire   . . .      SeeInvis .   a - +4 hand axe (elec)
rCold   . . .      Faith    .   v - +0 buckler
rNeg    + . .      Spirit   .   i - +3 plate armour
rPois   ∞          Reflect  .   j - +1 helmet
rElec   +          Harm     .   t - +2 cloak
rCorr   .          Rampage  .   f - +2 pair of gloves
Will    +++..                   C - +0 pair of boots
Stlth   ..........              o - amulet of regeneration
HPRegen 2.10/turn               S - +4 ring of slaying
MPRegen 0.15/turn               r - +4 ring of evasion

@: strong-willed, on berserk cooldown, flying, regenerating, slowed, studying
Fighting, very slow
A: sickness immunity, AC +12, big wings, negative energy resistance 1,
electricity resistance, torment resistance 1, petrification resistance, hooves
1, agile 1, dopey 1
a: Renounce Religion, Berserk, Trog's Hand, Brothers in Arms


You were on level 1 of the Elven Halls.
You worshipped Trog.
Trog was extremely pleased with you.
You visited 5 branches of the dungeon, and saw 26 of its levels.
You also visited: Ice Cave.

You collected 3023 gold pieces.
You spent 1131 gold pieces at shops.

Inventory:

Hand Weapons
 a - a +4 hand axe of electrocution (weapon)
 w - a +0 broad axe of flaming
 y - a +2 scimitar of holy wrath
 z - a +4 scimitar of flaming
 G - a +4 broad axe of freezing
 H - a +0 demon trident
Missiles
 p - 36 poisoned darts (quivered)
Armour
 f - a +2 pair of gloves (worn)
 i - a +3 plate armour (worn)
 j - a +1 helmet (worn)
 t - a +2 cloak (worn)
 v - a +0 buckler (worn)
 C - a +0 pair of boots (worn)
Jewellery
 h - the ring of Beogh's Envy {rF+ Will+ Dex+2 Stlth+}
   (You took it off a deep elf knight on level 1 of the Elven Halls)

   [ring of willpower]

   Dex:       It affects your dexterity (+2).
   rF:        It protects you from fire.
   Will:      It increases your willpower.
   Stlth:     It makes you more stealthy.
 o - an amulet of regeneration (around neck)
 r - a +4 ring of evasion (right hand)
 J - a ring of protection from cold
 Q - a ring of see invisible
 S - a +4 ring of slaying (left hand)
Wands
 g - a wand of iceblast (13)
 k - a wand of flame (45)
 m - a wand of polymorph (12)
 D - a wand of mindburst (12)
 L - a wand of digging (9)
 P - a wand of acid (10)
Scrolls
 d - 2 scrolls of blinking
 x - 15 scrolls of identify
 A - 3 scrolls of fog
 F - 3 scrolls of magic mapping
 N - 2 scrolls of teleportation
 R - a scroll of silence
Potions
 b - 2 potions of cancellation
 c - 6 potions of might
 e - 4 potions of lignification
 l - 3 potions of invisibility
 n - 8 potions of flight
 q - 3 potions of haste
 s - a potion of magic
 u - 5 potions of heal wounds
 B - 9 potions of curing
 E - 2 potions of ambrosia
 I - a potion of mutation
 K - 2 potions of brilliance
 M - a potion of resistance
 O - a potion of berserk rage {unknown}


   Skills:
 + Level 18.7 Fighting
 + Level 3.9 Long Blades
 + Level 16.5 Axes
 + Level 2.3 Throwing
 + Level 19.1 Armour
 + Level 5.8 Dodging
 + Level 4.7 Stealth
 + Level 10.8 Shields
 + Level 0.5 Evocations


You had 16 spell levels left.
You didn't know any spells.
Your spell library was empty.

Dungeon Overview and Level Annotations

Branches:
Dungeon (15/15)            Temple (0/1) D:4            Lair (6/6) D:9
 Shoals (0/4) Lair:4        Snake (1/4) Lair:2        Slime (0/5) Lair:5
    Orc (2/2) D:9             Elf (2/3) Orc:2        Vaults (0/5) D:13
 Depths (0/4) D:15          IceCv (visited)

Altars:
Dithmenos
Gozag
Nemelex Xobeh
Wu Jian
Xom
Beogh

Shops:
D:3 =   D:9 [   Orc:2 :*=:*


Innate Abilities, Weirdness & Mutations

You are immune to sickness and miasma.
Your stone body is resilient. (AC +12)
You are immune to poison.
Your large and strong wings let you fly.
You resist negative energy. (rN+)
You are resistant to electric shocks. (rElec)
You are resistant to unholy torment.
You are immune to petrification.
You have large cloven feet.
You are agile. (Dex +2)
You are dopey. (Int -2)


Message History

You hit something. Something hits you but does no damage.
You block the ghostly deep elf death mage's attack.
Unknown command.
You hit the ghostly deep elf death mage.
The ghostly deep elf death mage is heavily damaged.
You hit something but do no damage.
You hear some strange, mumbled words.
A shard of ice appears from out of thin air!
You block the shard of ice.
The ghostly deep elf death mage hits you but does no damage.
You hear some strange, mumbled words.
A lance of force appears from out of thin air!
The lance of force hits you but does no damage.
You hit the ghostly deep elf death mage.
The ghostly deep elf death mage is severely damaged.
You slash something! Something hits you but does no damage.
The ghostly deep elf death mage hits you with a +0 long sword.
Unknown command.
You closely miss the ghostly deep elf death mage.
The ghostly deep elf death mage is severely damaged.
You closely miss something. Something hits you but does no damage.
The ghostly deep elf death mage hits you with a +0 long sword!
Something hits you!
You slash the ghostly deep elf death mage!
The ghostly deep elf death mage is almost destroyed.
You closely miss something. Something hits you!
The ghostly deep elf death mage closely misses you.
Unknown command.
You hit the ghostly deep elf death mage.
The ghostly deep elf death mage is almost destroyed.
You hit something but do no damage.
You hear some strange, mumbled words.
A shard of ice appears from out of thin air!
The shard of ice hits you!!
* * * LOW HITPOINT WARNING * * *
The ghostly deep elf death mage hits you but does no damage.
You hear some strange, mumbled words.
A shard of ice appears from out of thin air!
The shard of ice hits you!!
You die...

########## #.#..#..#..#..#
##.......# ##.##########..#
##.#####.# ##..............#
##.#####.###............#..#
#...(..............###.#.##
#....##.###..............##
##....##.# ##......#.......#
.........#####[.e#.#.##..#.#
........##......@#(#.....#.#
........##......{#.#..##.#.#
.....#####.......#.#.......#
.................#.......###
.....#####.......####.####
###.## #.......#.......# #.#
#.......#.##.##.# #.#
#########.##.##.# #.#
##.##....#


You could see a ghostly deep elf death mage.

Vanquished Creatures
  Kirke (D:14)
  Josephine (D:11)
  An ice dragon (D:15)
  7 hydras
  4 catoblepae
  2 boulder beetles
  A death knight (D:15)
  2 naga warriors
  6 dancing weapons
  4 two-headed ogres
  A tengu warrior (D:8)
  8 centaur warriors
  5 orc high priests
  8 death yaks
  10 deep elf knights (Elf:1)
  5 skeletal warriors (D:14)
  3 deep elf archers (Elf:1)
  An orc knight (Orc:2)
  16 deep elf pyromancers
  Pikel (D:4)
  A salamander (Snake:1)
  A wolf spider (Lair:1)
  A lindwurm (Lair:6)
  12 deep elf zephyrmancers (Elf:1)
  3 orc sorcerers
  A mana viper (Snake:1)
  7 cyclopes
  4 ugly things
  7 manticores
  17 elephants
  A naga mage (Snake:1)
  4 black mambas
  A torpor snail (Lair:6)
  19 cane toads
  A gargoyle (D:13)
  2 rime drakes
  2 unseen horrors (D:8)
  10 komodo dragons
  An efreet (D:15)
  A tengu conjurer (D:14)
  11 trolls
  A polar bear (Lair:6)
  17 blink frogs
  A hornet (D:8)
  12 slime creatures
  3 dream sheep (Lair:6)
  Sigmund (D:4)
  4 vampires
  4 water elementals
  A hog (shapeshifter) (D:13)
  3 wyverns
  7 wraiths
  4 basilisks
  2 shadows
  65 yaks
  A fire elemental (Orc:2)
  A hog (D:14)
  Grum (D:9)
  2 vampire mosquitoes (D:13)
  A redback (shapeshifter) (Elf:1)
  A death yak simulacrum (IceCv)
  8 nagas
  4 acid dragons
  Duvessa (D:5)
  20 water moccasins
  29 orc warriors
  A black bear (D:5)
  2 ice beasts
  2 sky beasts
  7 ogres
  15 wolves
  17 centaurs
  3 lemures (D:3)
  4 phantoms
  4 kobold brigands
  2 earth elementals (Elf:1)
  19 bullfrogs
  3 gnoll sergeants
  3 necrophages
  Blork the orc (D:5)
  2 scorpions (D:6)
  12 wights
  Dowan (D:5)
  5 killer bees
  4 electric eels
  2 howler monkeys
  10 hounds
  4 jellies
  2 gnoll shamans
  27 orc priests
  Ijyb (D:4)
  Jessica (D:3)
  Natasha (twice) (D:3)
  30 orc wizards
  4 iguanas
  7 hell rats (Lair:2)
  A polar bear simulacrum (IceCv)
  2 wolf simulacra (IceCv)
  Robin (D:3)
  4 adders
  27 gnolls
  A shadow imp (D:7)
  3 white imps
  5 dart slugs
  76 orcs
  2 bats
  10 endoplasms
  2 giant cockroaches (D:1)
  20 goblins
  11 hobgoblins
  4 jackals (D:1)
  3 quokkas (D:1)
  9 ball pythons
  2 frilled lizards
  17 kobolds
  7 rats
792 creatures vanquished.

Vanquished Creatures (collateral kills)
  A deep elf annihilator (Elf:1)
  A deep elf death mage (Elf:1)
  A hydra (D:7)
  An ice dragon (D:15)
  A two-headed ogre (D:10)
  A dancing weapon (D:13)
  7 skeletal warriors
  2 deep elf archers (Elf:1)
  A deep elf pyromancer (Elf:1)
  3 deep elf zephyrmancers (Elf:1)
  2 cyclopes
  An efreet (D:8)
  An earth elemental (Elf:1)
23 creatures vanquished.

Vanquished Creatures (others)
  A deep elf pyromancer (Elf:1)
  4 humans (D:14)
  15 fungi
  28 plants
48 creatures vanquished.

Grand Total: 863 creatures vanquished

Notes
Turn   | Place    | Note
-------+----------+-------------------------------------------
     0 | D:1      | Gargoyl the Gargoyle Berserker began the quest for the Orb.
     0 | D:1      | Reached XP level 1. HP: 14/14 MP: 1/1
    72 | D:1      | Reached XP level 2. HP: 19/19 MP: 2/2
   248 | D:1      | Reached XP level 3. HP: 23/23 MP: 3/3
   441 | D:1      | Found a faded altar of an unknown god.
   627 | D:1      | Reached ** piety under Trog
  1024 | D:2      | Found an opulent altar of Gozag.
  1074 | D:2      | Reached XP level 4. HP: 28/29 MP: 4/4
  1286 | D:2      | Identified the +8 spear "Nuliam" {freeze, *Corrode rN+
                  | Dex+3}
  1803 | D:3      | Noticed Jessica
  1812 | D:3      | Killed Jessica
  1928 | D:3      | Found Ivvei's Jewellery Boutique.
  2065 | D:4      | Reached XP level 5. HP: 22/33 MP: 5/5
  2379 | D:4      | Noticed Robin
  2379 | D:4      | Noticed a lemure
  2379 | D:4      | Noticed Pikel
  2379 | D:4      | Noticed a lemure
  2379 | D:4      | Noticed a lemure
  2379 | D:4      | Noticed a lemure
  2384 | D:3      | Reached skill level 3 in Armour
  2398 | D:3      | Killed Robin
  2424 | D:4      | Noticed Natasha
  2437 | D:3      | Killed a lemure
  2536 | D:3      | Killed Natasha
  2537 | D:3      | Reached XP level 6. HP: 39/39 MP: 6/6
  2588 | D:4      | Killed Pikel
  2589 | D:4      | Reached skill level 5 in Fighting
  2589 | D:4      | Reached skill level 5 in Axes
  2589 | D:4      | Reached skill level 4 in Armour
  2589 | D:4      | Reached XP level 7. HP: 44/44 MP: 7/7
  2638 | D:3      | Noticed Natasha
  2649 | D:3      | Killed Natasha
  2671 | D:4      | Reached *** piety under Trog
  2711 | D:4      | Noticed Ijyb
  2712 | D:4      | Noticed Sigmund
  2721 | D:4      | Killed Ijyb
  2729 | D:4      | Killed Sigmund
  2730 | D:4      | Reached XP level 8. HP: 49/49 MP: 8/8
  2743 | D:4      | Reached skill level 5 in Armour
  2926 | D:4      | Found a staircase to the Ecumenical Temple.
  3190 | D:4      | Found a shimmering altar of Xom.
  3467 | D:5      | Entered Level 5 of the Dungeon
  3674 | D:5      | Noticed Duvessa
  3676 | D:5      | Noticed Dowan
  3685 | D:5      | Killed Duvessa
  3687 | D:5      | Killed Dowan
  3926 | D:5      | Reached skill level 6 in Armour
  3926 | D:5      | Reached XP level 9. HP: 55/55 MP: 9/9
  4206 | D:5      | Noticed Blork the orc
  4215 | D:5      | Killed Blork the orc
  4578 | D:6      | Reached skill level 1 in Stealth
  4673 | D:6      | Found a shimmering altar of Xom.
  4898 | D:6      | Reached **** piety under Trog
  4957 | D:6      | Found a sparkling altar of Nemelex Xobeh.
  5686 | D:7      | Reached skill level 7 in Armour
  5707 | D:7      | Noticed a manticore
  5707 | D:7      | Noticed a cyclops
  5707 | D:7      | Noticed a five-headed hydra
  5736 | D:7      | Killed a manticore
  5737 | D:7      | Reached XP level 10. HP: 60/61 MP: 10/10
  5750 | D:7      | Killed a cyclops
  5751 | D:7      | Reached skill level 8 in Armour
  5788 | D:7      | Killed a five-headed hydra
  5789 | D:7      | Reached skill level 10 in Axes
  5828 | D:7      | Noticed a cyclops
  5834 | D:7      | Killed a cyclops
  6346 | D:8      | You fall into a shaft and drop 3 floors!
  6409 | D:11     | Reached skill level 9 in Armour
  6559 | D:11     | Noticed a two-headed ogre
  6578 | D:10     | Entered Level 10 of the Dungeon
  6624 | D:10     | Killed a two-headed ogre
  6625 | D:10     | Reached XP level 11. HP: 66/68 MP: 11/11
  6839 | D:9      | Found Wingez's Armour Emporium.
  6839 | D:9      | Found a staircase to the Orcish Mines.
  6929 | D:9      | Reached skill level 10 in Armour
  7045 | D:9      | Noticed Grum
  7054 | D:9      | Killed Grum
  7131 | D:9      | Found a staircase to the Lair.
  7235 | D:8      | Reached ***** piety under Trog
  7400 | D:8      | Noticed a manticore
  7401 | D:8      | Noticed a centaur warrior
  7404 | D:8      | Killed a manticore
  7421 | D:8      | Killed a centaur warrior
  7429 | D:8      | Noticed a green ugly thing
  7442 | D:8      | Killed a green ugly thing
  7447 | D:8      | Noticed a cyclops
  7450 | D:8      | Killed a cyclops
  7456 | D:8      | Noticed a tengu warrior
  7466 | D:8      | Reached skill level 11 in Armour
  7477 | D:8      | Killed a tengu warrior
  7485 | D:8      | Reached skill level 1 in Throwing
  7487 | D:8      | Reached XP level 12. HP: 76/76 MP: 12/12
  8733 | D:11     | Reached skill level 10 in Fighting
  9008 | D:11     | Noticed Josephine
  9018 | D:11     | Killed Josephine
  9019 | D:11     | Reached skill level 1 in Shields
  9206 | D:11     | Noticed a boulder beetle
  9249 | D:11     | Killed a boulder beetle
  9250 | D:11     | Reached skill level 5 in Dodging
 10035 | D:12     | Identified a scroll of acquirement
 10035 | D:12     | Acquired a manual of Armour
 10276 | D:12     | Noticed a two-headed ogre
 10279 | D:12     | Noticed a five-headed hydra
 10287 | D:12     | Killed a two-headed ogre
 10288 | D:12     | Reached skill level 12 in Armour
 10293 | D:12     | Killed a one-headed hydra
 10390 | D:12     | Found a shadowy altar of Dithmenos.
 10494 | D:13     | Reached skill level 1 in Long Blades
 10533 | D:13     | Reached XP level 13. HP: 84/84 MP: 13/13
 10580 | D:13     | Found a gate to the Vaults.
 11073 | D:13     | Found a large runed translucent door.
 11078 | D:13     | Found a large runed translucent door.
 11146 | D:13     | Reached skill level 13 in Armour
 11390 | D:14     | Reached skill level 5 in Shields
 11580 | D:14     | Found an opulent altar of Gozag.
 11633 | D:14     | Reached skill level 14 in Armour
 11789 | D:14     | Noticed Kirke
 11811 | D:14     | Killed Kirke
 11812 | D:14     | Gained mutation: Your large and strong wings let you fly.
                  | [Gargoyle growth]
 11812 | D:14     | Reached XP level 14. HP: 92/92 MP: 14/14
 11941 | D:15     | Entered Level 15 of the Dungeon
 11964 | D:15     | Reached skill level 15 in Armour
 11974 | D:15     | Gained mutation: You are dopey. (Int -2) [potion of
                  | mutation]
 11974 | D:15     | Gained mutation: You are agile. (Dex +2) [potion of
                  | mutation]
 11974 | D:15     | Gained mutation: You have large cloven feet. [potion of
                  | mutation]
 12090 | D:15     | Found an ornate altar of the Wu Jian Council.
 12554 | D:15     | Found a staircase to the Depths.
 12982 | Lair:1   | Entered Level 1 of the Lair of Beasts
 13359 | Lair:1   | Reached skill level 16 in Armour
 13946 | Lair:2   | Reached skill level 15 in Axes
 13948 | Lair:2   | You are sucked into a shaft and drop 2 floors!
 14241 | Lair:2   | Found a staircase to the Snake Pit.
 14408 | Lair:2   | Found a frozen archway.
 14416 | Lair:2   | Reached XP level 15. HP: 92/99 MP: 15/15
 14430 | IceCv    | Entered an ice cave
 15113 | Lair:3   | Acquired a manual of Fighting
 15128 | Lair:3   | Received a gift from Trog
 15693 | Lair:4   | Reached skill level 17 in Armour
 16009 | Lair:4   | Found a staircase to the Shoals.
 16565 | Lair:5   | Found a staircase to the Slime Pits.
 17265 | Lair:6   | Entered Level 6 of the Lair of Beasts
 17305 | Lair:6   | Reached skill level 15 in Fighting
 17524 | Lair:6   | Received a gift from Trog
 18274 | Lair:6   | Reached XP level 16. HP: 111/111 MP: 16/16
 18651 | Orc:1    | Entered Level 1 of the Orcish Mines
 19051 | Orc:2    | Entered Level 2 of the Orcish Mines
 19051 | Orc:2    | Found a staircase to the Elven Halls.
 19142 | Orc:2    | Reached ****** piety under Trog
 19147 | Orc:2    | Received a gift from Trog
 19161 | Orc:2    | Reached skill level 18 in Armour
 19195 | Orc:2    | HP: 3/112 [orc high priest/divine providence (7)]
 19573 | Orc:2    | Found Seolag's Book Shop.
 19623 | Orc:2    | Found Lomuroe's General Store.
 19623 | Orc:2    | Found Otsemoh's General Store.
 19624 | Orc:2    | Found Kuduut's Book Boutique.
 19628 | Orc:2    | Found Xosyckorphe's Jewellery Shop.
 19631 | Orc:2    | Bought a scroll of teleportation for 39 gold pieces
 19636 | Orc:2    | Bought a +4 ring of slaying for 1092 gold pieces
 19988 | Snake:1  | Entered Level 1 of the Snake Pit
 20208 | Elf:1    | Entered Level 1 of the Elven Halls
 20240 | Elf:1    | Reached skill level 10 in Shields
 20484 | Elf:1    | Received a gift from Trog
 20730 | Elf:1    | Reached skill level 19 in Armour
 21213 | Elf:1    | Found a runed translucent door.
 21275 | Elf:1    | Identified the ring of Beogh's Envy {rF+ Will+ Dex+2
                  | Stlth+}
 21294 | Elf:1    | Reached XP level 17. HP: 54/120 MP: 17/17
 21504 | Elf:1    | Killed from afar by a deep elf knight

Illustrated notes

Levels and vault maps discovered:
D:1:      enne_arrival_octagon_isle, layout_rooms,
          hellmonk_ecumenical_altar_inner_sanctum
D:2:      layout_basic, basic_altar, corner_web_ring
D:3:      layout_basic, serial_shops, shop_fountains, minivault_24, uniq_jessica
D:4:      layout_loops_cross, general_overflow_altar,
          minmay_temple_entry_butterflies, uniq_robin, uniq_ijyb, uniq_pikel,
          uniq_sigmund, uniq_natasha
D:5:      layout_layer_cave, uniq_duvessa, uniq_blork_the_orc
D:6:      layout_basic, hangedman_feature_mirror, minmay_quadrilaterals
D:7:      minmay_chambers_of_sevens, layout_rooms
D:8:      hangedman_cross_veins, layout_basic, serial_curves, eino_curves_02,
          eino_curves_03
D:9:      layout_layer_cave, erik_lair_island, orc_david_3, enter_bailey_4,
          uniq_grum
D:10:     layout_loops_cross
D:11:     layout_loops_cross, special_room [special_room_orc],
          dk_noncrumbling_4, uniq_josephine
D:12:     layout_rooms, grunt_dithmenos_shadows
D:13:     doesnt_quadruple_sword, layout_small_grid, david_vaults_1
D:14:     layout_roguey, grunt_gozag_statues, uniq_kirke
D:15:     grunt_enter_depths_hoard, layout_stronghold,
          nicolae_wu_jian_immortal_techniques
Lair:1:   layout_chaotic_city, dreamdust_deal_with_the_devil,
          nicolae_lair_run_with_the_wolves, grunt_megastairs_1
Lair:2:   layout_chaotic_city, guppyfry_snake_entry_garden,
          portal_ice_cave_entry_pillars_1, chequers_serial_rivers_small_b,
          grunt_forest_small_clearing_treed, grunt_megastairs_5
Lair:3:   layout_misc_corridors
Lair:4:   beast_lair_carwin_large_3, layout_cave_pods, shoals_dummy_entry,
          lemuel_fruit_tree, grunt_megastairs_4
Lair:5:   layout_cave_pods, minmay_slime_entry_pillars, serial_bayou_shore_a
Lair:6:   evilmike_catoblepas_cave, layout_cave_pods
Snake:1:  layout_chambers, serial_shops, nicolae_shop_behind_doors,
          minmay_shop_grove, uniq_aizul
Orc:1:    layout_caves
Orc:2:    st_orc_mages, layout_caves, serial_shops, shop
Elf:1:    eino_elf_arrival_the_gate, layout_loops_cross, minivault_28,
          minivault_13
Elf:2:    elven_hall_of_blades_hangedman_original
          [infiniplex_blade_entry_pillars], layout_gridlike, serial_shops, shop,
          minmay_shoptagon

Skill      XL: |  1  2  3  4  5  6  7  8  9 10 11 12 13 14 15 16 |
---------------+-------------------------------------------------+-----
Axes           | 3 4 5 6 7 9 10 11 13 14 15 16 | 16.5
Dodging        | 2 3 4 5 |  5.8
Fighting       | 4 5 6 7 9 11 12 13 16 18 | 18.7
Armour         | 3 4 6 7 9 11 12 14 16 17 19 | 19.1
Stealth        | 1 2 4 |  4.7
Throwing       | 1 2 |  2.3
Shields        | 3 5 7 8 10 | 10.8
Long Blades    | 1 3 |  3.9
Evocations     | |  0.5

Action                   |  1- 3 |  4- 6 |  7- 9 | 10-12 | 13-15 | 16-18 || total
-------------------------+-------+-------+-------+-------+-------+-------++-------
Melee: Hand axe          |   106 |   105 |   291 |   673 |  1196 |   489 ||  2860
       Punch             |     1 |       |     3 |     5 |       |       ||     9
       Scimitar          |       |       |       |     5 |    49 |       ||    54
Throw: Dart              |       |       |       |    11 |     4 |     1 ||    16
Invok: Berserk           |     2 |     8 |     5 |    16 |    17 |    13 ||    61
       Trog's Hand       |       |     1 |     1 |     4 |    10 |     7 ||    23
       Brothers in Arms  |       |       |       |     4 |     5 |     2 ||    11
Evoke: Wand              |       |       |     1 |     1 |       |       ||     2
  Use: Scroll            |     3 |     2 |     7 |    18 |     9 |     3 ||    42
       Potion            |       |       |       |     6 |     1 |     2 ||     9
 Stab: Distracted        |       |       |       |     1 |       |       ||     1
       Petrified         |       |       |       |       |    14 |       ||    14
       Petrifying        |       |       |       |       |     1 |       ||     1
Armor: Animal skin       |    55 |    11 |       |       |       |       ||    66
       Chain mail        |       |   106 |   205 |    61 |       |       ||   372
       Ring mail         |       |     5 |       |       |       |       ||     5
       Plate armour      |       |       |       |   558 |   916 |   304 ||  1778
Dodge: Dodged            |    82 |    73 |   139 |   402 |   704 |   276 ||  1676
Block: Buckler           |       |       |       |    73 |   339 |   142 ||   554

Table legend: (Time is in decaauts)
 A = Elapsed time spent in this place.
 B = Non-inter-level travel time spent in this place.
 C = Inter-level travel time spent in this place.
 D = Time resting spent in this place.
 E = Time spent auto-exploring this place.
 F = Levels seen in this place.
 G = Mean time per level.
                   A        B        C        D        E       F      G
               +--------+--------+--------+--------+--------+-----+--------+
         Total |  21223 |  19901 |   1322 |    711 |  13491 |  27 |  786.0 |
       Dungeon |  13093 |  12244 |    849 |    565 |   8161 |  15 |  872.9 |
          Lair |   5481 |   5135 |    346 |     31 |   3846 |   6 |  913.5 |
     Snake Pit |     74 |     74 |      0 |      0 |      0 |   1 |   74.0 |
  Orcish Mines |   1247 |   1162 |     85 |     82 |    693 |   2 |  623.5 |
   Elven Halls |   1257 |   1218 |     39 |      0 |    779 |   2 |  628.5 |
      Ice Cave |     68 |     68 |      0 |     33 |     10 |   1 |   68.0 |
               +--------+--------+--------+--------+--------+-----+--------+

Top non-repeatable levels by time:
   Elf:1: 1243 daAuts
  Lair:6: 1189 daAuts
     D:9: 1151 daAuts
     D:3: 1097 daAuts
     D:6: 1092 daAuts
     D:5: 1068 daAuts
     D:4: 1039 daAuts
  Lair:1: 999 daAuts
    D:11: 935 daAuts
  Lair:2: 933 daAuts
    D:15: 914 daAuts
  Lair:4: 895 daAuts
  Lair:5: 892 daAuts
     D:8: 851 daAuts
    D:10: 821 daAuts
